cohdb
Replays
Latest Replays
All Replays
Popular Replays
Top Player Replays
Match Explorer
How It Works
Community
CoH3 Stats
Reddit
Sign in to upload your games and track your stats! →
Sign in with Steam
Match 47325536
Unlisted
Match 47325536
Overview
Messages
Build Orders
End
Engineer Squad
Construct Weapon Support Center
Sniper
Construct Barracks
Construct Barracks
Riflemen Squad
Riflemen Squad
Selects Armored Battlegroup
Construct Medical Station
Grenade Package
Riflemen Squad
Selects Veteran Crews
Selects M31 Recovery Vehicle
Infantry Support Center
M1918 Browning Automatic Rifles
Construct Motor Pool
M24 Chaffee Light Tank
M1 Anti-tank Gun Team
Selects War Machine
M24 Chaffee Light Tank
Selects Strength in Steel
Survival Training
Selects Seek and Destroy
Riflemen Squad
Riflemen Squad
Advanced Logistics
Engineer Squad
Selects M4A3E8 Sherman Combat Group
M4A3E8 Sherman Combat Group
Herr Blautier
EPHX_Valkyrion
Major Storm
[38.] Nowhere Queen
0
0
Comments
sign in to comment!
No comments posted yet!